 Dungeon Crawl Stone Soup version 0.22.0-18-ge075c0d (webtiles) character file.

144 Lauz the Conjurer (level 5, -2/38 HPs)
             Began as a Draconian Conjurer on Aug 18, 2018.
             Shot with an arrow by a centaur (4 damage)
             ... on level 2 of the Dungeon.
             The game lasted 00:20:58 (2922 turns).

Lauz the Conjurer (Draconian Conjurer)              Turns: 2922, Time: 00:20:58

Health: -2/38      AC: 10    Str: 10    XL:     5   Next: 5%
Magic:  3/8        EV: 12    Int: 17    God:
Gold:   132        SH:  0    Dex: 11    Spells: 2/9 levels left

rFire    . . .     SeeInvis .   m - staff of cold
rCold    + . .     Gourm    .   (no shield)
rNeg     . . .     Faith    .   (armour unavailable)
rPois    .         Spirit   .   (helmet restricted)
rElec    .         Reflect  .   t - +1 cloak {+Inv}
rCorr    .         Harm     .   l - +2 pair of gloves
MR       .....                  (no boots)
Stlth    ++........             (no amulet)
HPRegen  0.12/turn              (no ring)
MPRegen  0.11/turn              (no ring)

@: no status effects
A: unfitting armour, cold-blooded, AC +5
a: Evoke Invisibility


You were on level 2 of the Dungeon.
You were very hungry.

You visited 1 branch of the dungeon, and saw 2 of its levels.

You collected 132 gold pieces.

Inventory:

Hand Weapons
 c - a +0 club
 s - a +4 quarterstaff of chaos
Armour
 l - a +2 pair of gloves (worn)
 o - a +0 buckler
 t - a +1 cloak of invisibility (worn)
Magical Staves
 m - an uncursed staff of cold (weapon)
Wands
 r - a wand of random effects (25)
Scrolls
 d - 4 scrolls of enchant armour {unknown}
 e - a scroll of identify {unknown}
 h - a scroll of fear {unknown}
 i - a scroll of teleportation {unknown}
 j - 2 scrolls of blinking {unknown}
 k - 2 scrolls of immolation {unknown}
 n - 2 scrolls of remove curse {unknown}
Potions
 a - a potion of brilliance {unknown}
 f - a potion of might {unknown}
 g - a potion of cancellation {unknown}
 p - a potion of berserk rage {unknown}
 q - a potion of curing {unknown}
Comestibles
 b - 3 rations


   Skills:
 - Level 0.1 Fighting
 - Level 1.7 Dodging
 - Level 1.7 Stealth
 + Level 2.6 Spellcasting
 * Level 6.0 Conjurations


You had 2 spell levels left.
You knew the following spells:

 Your Spells              Type           Power        Failure   Level  Hunger
a - Magic Dart            Conj           ###.         1%          1    #......
b - Searing Ray           Conj           ###...       2%          2    ##.....
c - Iskenderun's Mystic   Conj           ###.....     16%         4    #####..

Your spell library contained the following spells:

 Spells                   Type           Power        Failure   Level  Hunger
 Dazzling Spray           Conj/Hex       ##....       16%         3    ###....
 Force Lance              Conj/Tloc      ##......     45%         4    #####..
 Fulminant Prism          Conj/Hex       ##........   45%         4    #####..


Dungeon Overview and Level Annotations

Branches:
Dungeon (2/15)

Altars:
Trog

Annotations:
D:2 Terence


Innate Abilities, Weirdness & Mutations

Your plain brown scales are hard. (AC +5)
You cannot fit into any form of body armour.
You are cold-blooded and may be slowed by cold attacks.


Message History

The orb of energy hits the centaur.
The centaur is severely wounded.
The orb of energy explodes!
The mystic blast hits the goblin.
You kill the goblin!
You are feeling very hungry.
The centaur shoots an arrow.
The arrow hits you!
* * * LOW HITPOINT WARNING * * *
The centaur shoots an arrow.
The arrow closely misses you.
The centaur shoots an arrow.
The arrow barely misses you.
You see here 2 arrows.
You start resting.
The centaur shoots an arrow.
The arrow misses you.
The centaur shoots an arrow.
The arrow hits you!
* * * LOW HITPOINT WARNING * * *
You see here an arrow.
The centaur shoots an arrow.
The arrow hits you but does no damage.
Found 2 pink potions.
You see here an arrow.
The centaur shoots an arrow.
The arrow hits you.
You die...

#.# #.#################
#.##.......c......#
#.##.############c#
#)##.# #.# #.##.# #.#
#....# #.# #..###
########c#
#####..#######.>@...(.#
........((..........###
.####..####.##)####.#
.# #..# #.##. #.# .#
#..# #.## #.# .## #..#
#.# #.# ..###..# #.#
#!# #......# #.# #.#
..###.## #.#


You could see a centaur.

Vanquished Creatures
  Crazy Yiuf (D:2)
  3 gnolls
  5 adders (D:2)
  A worm (D:2)
  2 dart slugs
  A leopard gecko (D:1)
  A giant cockroach (D:1)
  8 goblins
  5 hobgoblins
  A ball python (D:1)
  3 bats
  2 frilled lizards (D:1)
  A kobold (D:1)
  3 rats
37 creatures vanquished.

Notes
Turn   | Place    | Note
-------+----------+-------------------------------------------
     0 | D:1      | Lauz the Draconian Conjurer began the quest for the Orb.
     0 | D:1      | Reached XP level 1. HP: 14/14 MP: 3/3
   188 | D:1      | Reached XP level 2. HP: 20/20 MP: 1/5
   669 | D:1      | Learned a level 2 spell: Searing Ray
  1064 | D:2      | Reached XP level 3. HP: 26/26 MP: 1/6
  1133 | D:2      | Reached skill level 5 in Conjurations
  1334 | D:2      | Noticed a centaur
  1506 | D:2      | Noticed Terence
  1839 | D:2      | Reached XP level 4. HP: 33/33 MP: 4/7
  2261 | D:2      | Found a bloodstained altar of Trog.
  2508 | D:2      | Found a runed door.
  2512 | D:2      | Noticed Crazy Yiuf
  2531 | D:2      | Killed Crazy Yiuf
  2531 | D:2      | Reached skill level 6 in Conjurations
  2531 | D:2      | Reached XP level 5. HP: 10/38 MP: 0/8
  2841 | D:2      | Learned a level 4 spell: Iskenderun's Mystic Blast
  2922 | D:2      | Shot with an arrow by a centaur

Skill      XL: |  1  2  3  4 |
---------------+-------------+-----
Conjurations   | 5 6 |  6.0
Fighting       | |  0.1
Dodging        | |  1.7
Stealth        | |  1.7
Spellcasting   | |  2.6

Action                   |  1- 3 |  4- 6 || total
-------------------------+-------+-------++-------
Melee: Unarmed           |     4 |       ||     4
       Staff             |    10 |     7 ||    17
       Club              |     5 |       ||     5
       Tailslap          |     2 |       ||     2
 Cast: Magic Dart        |    52 |     9 ||    61
       Searing Ray       |     8 |     4 ||    12
       Iskenderun's Myst |       |     2 ||     2
  Eat: Chunk             |     3 |     4 ||     7
Armor: Skin              |     6 |     5 ||    11
Dodge: Dodged            |    17 |    14 ||    31
